 Zot Defence DCSS version 0.15.2 (webtiles) character file.

15 kosy22 the Caller (level 2, 0/1 (16) HPs)
             Began as a Tengu Summoner on Aug 26, 2015.
             Rotted away (a goblin)
             ... in the Realm of Zot (Scenario I: Hall of Zot).
             The game lasted 00:08:37 (392 turns).

kosy22 the Caller (Tengu Summoner)                   Turns: 392, Time: 00:08:37

HP   0/1 (16)    AC  2     Str  8      XL: 2   Next: 50%
MP   5/6         EV 12     Int 15      God:
Gold 0           SH  0     Dex 14      Spells:  2 memorised,  3 levels left

rFire  . . .     SeeInvis .     j - +0 dagger
rCold  . . .     Clarity  .     a - +0 robe
rNeg   . . .     rCorr    .     (no shield)
rPois  .         rRot     .     (helmet restricted)
rElec  .         Spirit   .     (no cloak)
SustAb .         Warding  .     (no gloves)
rMut   .         Stasis   .     (boots unavailable)
Gourm  .                        (no amulet)
MR     .....                    (no ring)
                                (no ring)

@: not resistant to hostile enchantments, unstealthy
A: beak, talons 3
a: Make oklob sapling


You were in the Realm of Zot.
You were not hungry.

You visited 1 branch

Inventory:

Hand weapons
 j - a +0 dagger (weapon)
Armour
 a - a +0 robe (worn)
Comestibles
 d - a bread ration
 k - a chunk of kobold flesh
Scrolls
 i - a scroll of blinking
Potions
 c - 3 potions of curing
 e - a potion of heal wounds
 f - a potion of haste
 g - 2 potions of magic
 h - a potion of berserk rage
Books
 b - a book of Callings

   Spells                             Type                      Level
   *Summon Small Mammal               Summoning                    1
   *Call Imp                          Summoning                    2
   Call Canine Familiar               Summoning                    3
   Summon Guardian Golem              Hexes/Summoning              4
   Summon Lightning Spire             Summoning/Air                4
   Summon Ice Beast                   Ice/Summoning                4


   Skills:
 + Level 0.4 Fighting
 + Level 0.2 Throwing
 + Level 0.2 Armour
 - Level 2.1 Dodging
 - Level 2.0 Stealth
 + Level 0.2 Unarmed Combat
 - Level 2.6 Spellcasting
 - Level 4.8 Summonings


You had 3 spell levels left.
You knew the following spells:

 Your Spells              Type           Power        Failure   Level  Hunger
a - Summon Small Mammal   Summ           ###.         3%          1    #......
b - Call Imp              Summ           ###.....     6%          2    ##.....


Dungeon Overview and Level Annotations

Branches:
    Zot (1/1)

Altars:


Innate Abilities, Weirdness & Mutations

You have a beak for a mouth.
You have claws for feet.


Message History

Your kick misses Kliwupt.
Kliwupt is severely wounded.
Your flesh rots away as the Orb of Zot is desecrated.
Your quokka bites Kliwupt.
Your flesh rots away as the Orb of Zot is desecrated.
You hit the bat but do no damage.
Your flesh rots away as the Orb of Zot is desecrated.
Your kick misses the bat. The bat closely misses you.
The bat hits you but does no damage. The bat misses your quokka.
Your quokka bites the rat.
The rat dies!
Your flesh rots away as the Orb of Zot is desecrated.
The bat closely misses your quokka. The bat misses your quokka.
Your flesh rots away as the Orb of Zot is desecrated. x2
Your flesh rots away as the Orb of Zot is desecrated. x2
The bat barely misses your quokka.
Your flesh rots away as the Orb of Zot is desecrated.
Ouch! That really hurt!
You die...

▓▓▓▓▓▓▓▓▓▓▓▓▓▓▓▓▓▓▓▓
▓▓▓.............▓▓▓▓
...................▓▓▓
.....................▓▓
......................▓ ▓▓▓▓▓▓▓▓▓
......................▓▓▓.......▓
.....................)▓▓.........
......................▓.r.lcg....
▓...............@....%%b....0....
...................)..▓..SK.r....
......................▓▓.........
......................▓▓▓.......▓
......................# ▓▓▓▓▓▓▓▓▓
.....................##
...................###
▓...............####
▓▓.....##############


You could see a bat and a friendly quokka.

Vanquished Creatures (collateral kills)
  An ooze (Zot)
  A bat (Zot)
  3 goblins (Zot)
  2 kobolds (Zot)
  A giant newt (Zot)
  2 rats (Zot)
10 creatures vanquished.

Vanquished Creatures (others)
  2 bats (Zot)
  2 quokkas (Zot)
  A rat (Zot)
5 creatures vanquished.

Grand Total: 15 creatures vanquished

Notes
Turn   | Place    | Note
--------------------------------------------------------------
     0 | Zot      | kosy22, the Tengu Summoner, began the quest for the Orb.
     0 | Zot      | Reached XP level 1. HP: 10/10 MP: 3/3
   280 | Zot      | Reached XP level 2. HP: 15/15 MP: 2/6
   285 | Zot      | Learned a level 2 spell: Call Imp
   323 | Zot      | Noticed Sicacao
   392 | Zot      | Rotted away (a goblin)

Action                   || total
-------------------------++-------
Melee: Dagger            ||     4
       Unarmed           ||     1
 Cast: Summon Small Mamm ||    13
